 Dungeon Crawl Stone Soup version 0.30-a0-802-gb92711bcdf (webtiles) character file.

Game seed: 4071062863408415069

256 cforsyth the Sneak (level 6, -3/57 HPs)
             Began as a Kobold Brigand on Feb 25, 2023.
             Killed by an exploding giant cockroach (13 damage)
             ... ignited by their inner flame
             ... on level 3 of the Dungeon.
             The game lasted 00:03:57 (1345 turns).

cforsyth the Sneak (Kobold Brigand)                 Turns: 1345, Time: 00:03:57

Health: -3/57      AC:  7    Str:  8    XL:     6   Next: 38%
Magic:  6/6        EV: 16    Int: 12    God:
Gold:   135        SH:  0    Dex: 19    Spells: 5/5 levels left

rFire   + . .      SeeInvis .    a - +2 dagger
rCold   + . .      Faith    .    (no shield)
rNeg    . . .      Spirit   .    o - +2 robe
rPois   +          Reflect  .    (no helmet)
rElec   +          Harm     .    c - +0 cloak
rCorr   +          Rampage  .    (no gloves)
Will    .....                    q - +1 pair of boots Stlth
                                 (no amulet)
HPRegen 0.29/turn                i - ring of poison resistance
MPRegen 0.10/turn                (no ring)

@: mighty, berserking (expiring), silenced, resistant, attractive, very quick
A: small, no large weapons, nightstalker 3
a: no special abilities


You were on level 3 of the Dungeon.
You visited 1 branch of the dungeon, and saw 3 of its levels.

You collected 135 gold pieces.

Inventory:

Hand Weapons
 a - a +2 dagger (weapon)
Missiles
 d - 9 poisoned darts (quivered)
 e - 3 curare-tipped darts
Armour
 b - a +0 robe
 c - a +0 cloak (worn)
 o - a +2 robe (worn)
 q - a +1 pair of boots (worn)
Jewellery
 i - a ring of poison resistance (left hand)
 r - an amulet of faith
Scrolls
 f - a scroll of identify {unknown}
 s - a scroll of fear {unknown}
Potions
 j - a potion of curing


   Skills:
 + Level 3.8 Fighting
 + Level 4.7 Short Blades
 - Level 2.1 Throwing
 + Level 3.6 Dodging
 + Level 6.8 Stealth


You had 5 spell levels left.
You didn't know any spells.
Your spell library contained the following spells:

 Spells                   Type           Power      Damage    Failure   Level
 Cigotuvi's Dreadful Rot  Necr/Pois/Air  0%         N/A       45%         2
 Poisonous Vapours        Pois/Air       0%         N/A       45%         2
 Mephitic Cloud           Conj/Pois/Air  0%         N/A       69%         3


Dungeon Overview and Level Annotations

Branches:
Dungeon (3/15)

Altars:

Shops:
D:1 [


Innate Abilities, Weirdness & Mutations

You are small and have problems with some larger weapons.
You are completely attuned to the shadows.


Message History

The giant cockroach misses you. The giant cockroach bites you.
* * * LOW HITPOINT WARNING * * *
The giant cockroach closely misses you.
The giant cockroach completely misses you.
The orc hits you but does no damage. The hobgoblin completely misses you.
The orc hits you with a +0 club.
* * * LOW HITPOINT WARNING * * *
The orc misses you.
The orc wizard looks even sicker.
The giant cockroach completely misses you. x3
The giant cockroach bites you but does no damage.
Unknown command.
Unknown command.
Unknown command.
You are too berserk!
You are too berserk!
You feel a strong urge to attack something.
Unknown command.
The giant cockroach closely misses you. x3; The orc misses you.
The orc barely misses you. The hobgoblin barely misses you.
The giant cockroach closely misses you. The orc barely misses you.
The orc wizard is engulfed in poison gas.
The orc wizard looks as sick as possible!
You feel your anger nearly subside.
You kill the orc wizard!
The giant cockroach misses you.
The giant cockroach closely misses you. x3
The orc misses you. The orc hits you but does no damage. The orc misses you.
The hobgoblin closely misses you.
Unknown command.
Unknown command.
Unknown command.
You closely miss the giant cockroach.
The giant cockroach is severely wounded.
The giant cockroach misses you.
The giant cockroach bites you but does no damage.
The giant cockroach completely misses you.
You hit the giant cockroach.
The giant cockroach explodes!
The fiery explosion engulfs the orc!!!
The fiery explosion engulfs the orc!
The fiery explosion engulfs you! You resist.
You die...

####..####
##.#####
##.....
###
####.####
.....## ##
####○☼#
°#°§
#°§##°#○☼
##○○BB☼§.
.§§§BBB##
####§@o☼#
#§goo##
§☼§Bo○○☼
.☼#°####○
☼##○


You could see 4 orcs, 6 giant cockroaches and a hobgoblin (inner flame).

Vanquished Creatures
  Sigmund (D:2)
  An orc wizard (D:3)
  2 adders (D:2)
  3 worms (D:2)
  3 orcs (D:3)
  6 bats
  An endoplasm (D:1)
  5 giant cockroaches
  6 goblins
  5 hobgoblins
  3 jackals (D:1)
  2 quokkas
  2 ball pythons (D:1)
  A frilled lizard (D:1)
  4 kobolds
  4 rats
49 creatures vanquished.

Notes
Turn   | Place    | Note
-------+----------+-------------------------------------------
     0 | D:1      | cforsyth the Kobold Brigand began the quest for the Orb.
     0 | D:1      | Reached XP level 1. HP: 12/12 MP: 1/1
    92 | D:1      | Reached XP level 2. HP: 18/18 MP: 2/2
   205 | D:1      | Found Kihamul's Antique Armour Shop.
   405 | D:1      | Reached XP level 3. HP: 22/22 MP: 3/3
   408 | D:1      | Found a faded altar of an unknown god.
   721 | D:2      | Noticed Sigmund
   726 | D:2      | Killed Sigmund
   727 | D:2      | Reached skill level 6 in Stealth
   727 | D:2      | Reached XP level 4. HP: 28/28 MP: 4/4
   727 | D:2      | Reached XP level 5. HP: 32/32 MP: 5/5
   727 | D:2      | Reached XP level 6. HP: 37/37 MP: 6/6
  1345 | D:3      | Killed by an exploding giant cockroach... ignited by their
                  | inner flame

Illustrated notes

Levels and vault maps discovered:
D:1:      elethiomel_arrival_quiet, layout_rooms, serial_shops,
          nicolae_shop_competitors_out_of_business,
          hellmonk_ecumenical_altar_heavens_door
D:2:      layout_rooms, uniq_sigmund
D:3:      minmay_roachtagon, layout_rooms, nicolae_overflow_ecumenical_swirl

Skill      XL: |  1  2  3 |
---------------+----------+-----
Short Blades   | 3 4 |  4.7
Dodging        | 2 3 |  3.6
Fighting       | 3 |  3.8
Stealth        | 6 |  6.8
Throwing       | |  2.1

Action                     |  1- 3 |  4- 6 || total
---------------------------+-------+-------++-------
  Melee: Dagger            |    65 |    34 ||    99
         Punch             |     1 |       ||     1
    Use: Potion            |       |     5 ||     5
         Scroll            |       |     4 ||     4
   Stab: Sleeping          |    22 |     5 ||    27
         Distracted        |     3 |       ||     3
 Armour: Robe              |     4 |    28 ||    32
  Dodge: Dodged            |    29 |   116 ||   145

Table legend: (Time is in decaauts)
 A = Elapsed time spent in this place.
 B = Non-inter-level travel time spent in this place.
 C = Inter-level travel time spent in this place.
 D = Time resting spent in this place.
 E = Time spent auto-exploring this place.
 F = Levels seen in this place.
 G = Mean time per level.
                   A        B        C        D        E       F      G
               +--------+--------+--------+--------+--------+-----+--------+
         Total |   1325 |   1281 |     44 |      0 |   1010 |   3 |  441.7 |
       Dungeon |   1325 |   1281 |     44 |      0 |   1010 |   3 |  441.7 |
               +--------+--------+--------+--------+--------+-----+--------+

Top non-repeatable levels by time:
     D:1: 601 daAuts
     D:2: 547 daAuts
     D:3: 176 daAuts
